AoeStats
← CoutKeCout

Arena

506640981Analyzed
4v4 RM · 17d ago on Sep 14, 2026· 43m 31s· 8 players
Game mode
Random Map
Map size
Large (8 player)
Population
200
Speed
Normal
Resources
Standard
Victory
Conquest
Starting age
Dark Age
Ending age
Imperial Age
RankedLock teamsTeams togetherTeam positionsShared explorationLock speedFull tech treeHidden civsTurbo modeCheats
Victory
Defeat
🇬🇧 Bulgarians · United Kingdom
970
+15
🇹🇷 Turks · Türkiye
928
+17
🇺🇸 Britons · United States
925
+17
🇫🇷 Bohemians · France
891
+19
🇨🇳 Franks · China
964
-18
🇨🇳 Teutons · China
955
-17
🇨🇳 Wu · China
955
-17
🇹🇼 Huns · Taiwan
914
-16
JaggedGecko4148
10:06 Feudal Age
11:27 Double-Bit Axe
11:34 Stone Mining
11:37 Gold Mining
11:30 Horse Collar
12:03 Loom
19:13 Castle Age
19:38 Wheelbarrow
20:13 Heavy Plow
20:52 Bow Saw
21:19 Gold Shaft Mining
29:25 Imperial Age
27:30 Crossbowman
27:32 Pikeman
29:21 Fletching
29:32 Padded Archer Armor
29:42 Forging
29:32 Scale Mail Armor
29:54 Hand Cart
29:34 Town Watch
34:11 Arbalester
34:25 Capped Ram
36:56 Halberdier
38:18 Town Patrol
38:19 Bodkin Arrow
38:39 Leather Archer Armor
38:33 Scale Barding Armor
38:42 Man-at-Arms
39:08 Gambesons
39:24 Squires
39:09 Arson
38:48 Elite Skirmisher
40:33 Two-Man Saw
42:51 Bracer
43:22 Ring Archer Armor
43:27 Iron Casting
43:07 Chain Mail Armor
43:04 Caravan
CoutKeCout
3:41 Loom
11:55 Feudal Age
15:58 Castle Age
14:12 Double-Bit Axe
17:40 Bow Saw
43:26 Imperial Age
HighTowerM8
0:27 Loom
10:18 Feudal Age
10:45 Double-Bit Axe
10:47 Horse Collar
18:39 Castle Age
16:59 Stone Mining
17:17 Gold Mining
19:15 Wheelbarrow
20:26 Bow Saw
21:40 Heavy Plow
25:18 Hand Cart
31:01 Imperial Age
30:18 Gold Shaft Mining
30:08 Forging
30:04 Scale Barding Armor
30:10 Caravan
31:11 Stone Shaft Mining
31:14 Town Watch
32:22 Iron Casting
31:48 Scale Mail Armor
32:09 Chain Barding Armor
31:39 Fletching
32:17 Conscription
32:18 Stirrups
32:43 Masonry
34:18 Blast Furnace
33:33 Chain Mail Armor
34:21 Town Patrol
35:38 Plate Barding Armor
34:59 Bodkin Arrow
36:22 Plate Mail Armor
37:46 Chemistry
37:06 Ballistics
37:17 Architecture
37:03 Elite Konnik
37:44 Bagains
40:56 Siege Engineers
40:48 Murder Holes
40:45 Gambesons
41:01 Squires
40:47 Arson
41:05 Bracer
41:49 Pikeman
42:42 Bloodlines
42:32 Husbandry
41:57 Light Cavalry
Traygamor
4:29 Loom
11:04 Feudal Age
15:33 Castle Age
13:43 Double-Bit Axe
21:12 Imperial Age
19:24 Horse Collar
21:38 Padded Archer Armor
28:52 Gold Mining
31:04 Heavy Plow
31:17 Bow Saw
31:44 Wheelbarrow
33:47 Forging
33:44 Scale Barding Armor
34:07 Heavy Camel Rider
35:41 Husbandry
35:59 Bloodlines
37:19 Chain Barding Armor
39:06 Hand Cart
39:54 Iron Casting
41:22 Blast Furnace
41:27 Gold Shaft Mining
41:52 Plate Barding Armor
@_@
11:03 Feudal Age
11:45 Horse Collar
11:52 Double-Bit Axe
18:38 Castle Age
17:29 Stone Mining
17:34 Gold Mining
19:34 Heavy Plow
19:46 Bow Saw
21:09 Gold Shaft Mining
24:23 Wheelbarrow
26:48 Hand Cart
26:39 Fletching
27:29 Loom
27:29 Town Watch
28:48 Bodkin Arrow
29:55 Padded Archer Armor
34:28 Imperial Age
35:02 Husbandry
35:12 Bloodlines
35:21 Leather Archer Armor
35:40 Parthian Tactics
巅峰繁唐
10:40 Feudal Age
12:49 Double-Bit Axe
15:27 Castle Age
15:26 Horse Collar
15:49 Stone Mining
17:57 Wheelbarrow
21:38 Bow Saw
26:45 Scale Barding Armor
30:08 Bloodlines
32:15 Hand Cart
32:28 Loom
33:28 Heavy Plow
wm_1938
8:20 Loom
10:40 Feudal Age
13:21 Double-Bit Axe
14:27 Wheelbarrow
16:12 Castle Age
21:04 Bow Saw
24:30 Fortified Wall
24:30 Masonry
24:44 Gold Mining
30:37 Imperial Age
29:02 Ballistics
28:37 Murder Holes
30:00 Wheelbarrow
29:43 Padded Archer Armor
29:34 Fletching
31:50 Leather Archer Armor
31:31 Bodkin Arrow
31:08 Elite Skirmisher
34:44 Chemistry
素
10:53 Feudal Age
11:38 Double-Bit Axe
15:56 Wheelbarrow
17:43 Castle Age
16:33 Scale Barding Armor
16:44 Horse Collar
17:35 Forging
17:47 Gold Mining
19:31 Scale Mail Armor
19:50 Bow Saw
20:04 Squires
22:47 Stone Mining
24:42 Loom
25:37 Wheelbarrow
30:53 Gold Shaft Mining
31:20 Heavy Plow
33:39 Stone Shaft Mining
35:12 Chain Mail Armor
36:23 Iron Casting
40:02 Fletching
40:12 Padded Archer Armor
40:32 Hand Cart
40:02 Town Watch
39:47 Pikeman
41:48 Light Cavalry
42:39 Bloodlines
42:31 Husbandry
Connection lost

Rejoining the realm…

Still unreachable

The connection could not be restored.

Session expired

The server has moved on; the page needs a fresh start.